 Dungeon Crawl Stone Soup version 0.28-a0-563-gf77a47075d (webtiles) character file.

Game seed: 17902106450557419078

252305 Johnny the Eclecticist (level 19, -10/185 HPs)
             Began as a Purple Draconian Ice Elementalist on Sept 30, 2021.
             Was a High Priest of Sif Muna.
             Succumbed to a ghost moth's poison
             ... on level 4 of the Spider Nest.
             The game lasted 01:17:41 (47186 turns).

Johnny the Eclecticist (DrIE)                      Turns: 47186, Time: 01:17:41

Health: -10/185    AC: 29    Str: 14      XL:     19   Next: 35%
Magic:  12/43      EV: 11    Int: 23 (26) God:    Sif Muna [*****.]
Gold:   2271       SH: 11    Dex:  8 (11) Spells: 13/58 levels left

rFire   . . .      SeeInvis +   m - staff of cold
rCold   + + +      Faith    .   j - +0 kite shield {rC+}
rNeg    . . .      Spirit   .   (armour unavailable)
rPois   .          Reflect  .   a - +2 hat of Ghostly Awe {Harm rCorr}
rElec   +          Harm     +   B - scarf {repulsion}
rCorr   +          Rampage  .   T - +2 pair of gloves {Stlth+}
Will    +++..                   Z - +0 pair of boots of Ischisin {Regen+}
Stlth   +++.......              R - amulet of magic regeneration
HPRegen 1.40/turn               V - ring of Sophism {rElec rC+ Will+}
MPRegen 0.53/turn               s - ring of Jajoz {Int+4 Dex-3 SInv}

@: lethally poisoned (-10 -> -100), ice-armoured, unable to drink, channelling,
studying Hexes, repel missiles
A: no potions, breathe power, AC +10, unfitting armour, cold-blooded, thin
skeletal structure 1, sense surroundings 1, screaming 1, strong 1
}: 1/15 runes: barnacled
a: Breathe Dispelling Energy, Renounce Religion, Channel Magic, Forget Spell,
Divine Exegesis


You were on level 4 of the Spider Nest.
You worshipped Sif Muna.
Sif Muna was extremely pleased with you.
You visited 6 branches of the dungeon, and saw 34 of its levels.
You also visited: Gauntlet and Ice Cave.

You collected 4751 gold pieces.
You spent 2480 gold pieces at shops.

Inventory:

Hand Weapons
 G - a +6 short sword of holy wrath
Missiles
 x - 6 throwing nets
Armour
 a - the +2 hat of Ghostly Awe (worn) {Harm rCorr}
   (You acquired it on level 6 of the Lair of Beasts)

   rCorr:     It protects you from acid and corrosion.
   Harm:      It increases damage dealt and taken.
 j - a +0 kite shield of cold resistance (worn)
 B - a scarf of repulsion (worn)
 P - a +0 cloak of stealth
 T - a +2 pair of gloves of stealth (worn)
 Z - the +0 pair of boots of Ischisin (worn) {Regen+}
   (You acquired it in a Gauntlet)

   Regen:     It increases your rate of health regeneration.
Magical Staves
 m - a staff of cold (weapon)
Jewellery
 d - a ring of resist corrosion
 p - a ring of wizardry
 s - the ring of Jajoz (right hand) {Int+4 Dex-3 SInv}
   (You took it off a minotaur in a Gauntlet)

   [ring of see invisible]

   Int:       It affects your intelligence (+4).
   Dex:       It affects your dexterity (-3).
   SInv:      It lets you see invisible.
 C - the ring "Feofiudd" {rF+ Int+6}
   (You took it off a deep elf pyromancer on level 3 of the Elven Halls)

   [ring of intelligence]

   Int:       It affects your intelligence (+6).
   rF:        It protects you from fire.
 H - the amulet of the Four Winds {rN+ Will+++ Clar}
   (You found it in an ice cave)

   [amulet of nothing]

   rN:        It protects you from negative energy.
   Clar:      It protects you against confusion.
   Will:      It greatly increases your willpower.
 R - an amulet of magic regeneration (around neck)
 V - the ring of Sophism (left hand) {rElec rC+ Will+}
   (You took it off a deep elf annihilator on level 3 of the Elven Halls)

   [ring of protection from cold]

   rC:        It protects you from cold.
   rElec:     It insulates you from electricity.
   Will:      It increases your willpower.
 X - a ring of poison resistance
Wands
 w - a wand of digging (20)
Scrolls
 c - 6 scrolls of enchant armour
 g - 5 scrolls of amnesia
 h - 6 scrolls of magic mapping
 i - 9 scrolls of noise
 l - a scroll of torment
 n - 3 scrolls of holy word
 o - 6 scrolls of blinking
 u - 7 scrolls of vulnerability
 v - 16 scrolls of teleportation
 y - 9 scrolls of identify
 L - 3 scrolls of fog
 O - 3 scrolls of immolation
Potions
 b - a potion of attraction
 e - 7 potions of brilliance
 f - 12 potions of curing
 k - a potion of magic
 t - 4 potions of ambrosia
 z - 2 potions of lignification
 A - a potion of berserk rage
 D - 4 potions of invisibility
 E - 2 potions of flight
 F - a potion of might
 I - 7 potions of mutation
 J - 6 potions of haste
 K - a potion of resistance
 Q - 3 potions of degeneration
 U - 7 potions of heal wounds
 W - 6 potions of cancellation
Miscellaneous
 r - a phial of floods (inert)
 M - a tin of tremorstones (inert)
 S - a box of beasts (inert)
 Y - a lightning rod (inert)


   Skills:
 + Level 20.2 Fighting
 - Level 1.7 Dodging
 - Level 1.7 Stealth
 + Level 13.7 Shields
 + Level 20.3 Spellcasting
 + Level 8.2 Hexes
 + Level 19.1 Ice Magic
 - Level 8.0 Invocations


You had 13 spell levels left.
You knew the following spells:

 Your Spells              Type           Power      Damage    Failure   Level
a - Freeze                Ice            100%       1d11      0%          1
b - Frozen Ramparts       Ice            100%       1d12      0%          3
c - Ozocubu's Armour      Ice            100%       N/A       0%          3
d - Blink                 Tloc           N/A        N/A       3%          2
e - Ozocubu's Refrigerat  Ice            52%        4d15      1%          7
f - Hailstorm             Conj/Ice       79%        3d16      1%          4
g - Polar Vortex          Ice            52%        N/A       65%         9
h - Freezing Cloud        Conj/Ice/Air   34%        6-21      4%          5
i - Ice Form              Ice/Tmut       79%        N/A       1%          4
j - Stone Arrow           Conj/Erth      46%        3d9       7%          3
k - Summon Ice Beast      Ice/Summ       79%        N/A       1%          4

Your spell library contained the following spells:

 Spells                   Type           Power      Damage    Failure   Level
 Ensorcelled Hibernation  Hex/Ice        100%       N/A       0%          2
 Slow                     Hex            57%        N/A       1%          2
 Confusing Touch          Hex            57%        N/A       1%          3
 Dazzling Flash           Conj/Hex       84%        N/A       1%          3
 Portal Projectile        Hex/Tloc       84%        N/A       1%          3
 Summon Guardian Golem    Hex/Summ       42%        N/A       1%          3
 Cause Fear               Hex            28%        N/A       1%          4
 Metabolic Englaciation   Hex/Ice        46%        N/A       1%          5
 Animate Skeleton         Necr           46%        N/A       2%          1
 Apportation              Tloc           46%        N/A       2%          1
 Beastly Appendage        Tmut           46%        N/A       2%          1
 Foxfire                  Conj/Fire      92%        2x1d8     2%          1
 Magic Dart               Conj           92%        1d7       2%          1
 Pain                     Necr           92%        1d8       2%          1
 Summon Small Mammal      Summ           92%        N/A       2%          1
 Passwall                 Tmut/Erth      19%        N/A       3%          2
 Searing Ray              Conj           46%        2d6       3%          2
 Static Discharge         Conj/Air       23%        N/A       3%          2
 Sublimation of Blood     Necr           11%        N/A       3%          2
 Wereblood                Tmut           23%        N/A       3%          2
 Fulminant Prism          Conj/Hex       21%        3d13      4%          4
 Leda's Liquefaction      Hex/Erth       21%        N/A       4%          4
 Call Canine Familiar     Summ           23%        N/A       7%          3
 Gell's Gravitas          Tloc           11%        N/A       7%          3
 Ignite Poison            Fire/Tmut/Pois 23%        N/A       7%          3
 Lesser Beckoning         Tloc           23%        N/A       7%          3
 Mephitic Cloud           Conj/Pois/Air  23%        N/A       7%          3
 Spider Form              Tmut/Pois      11%        N/A       7%          3
 Swiftness                Air            23%        N/A       7%          3
 Teleport Other           Tloc           23%        N/A       7%          3
 Vampiric Draining        Necr           11%        2d7       7%          3
 Simulacrum               Ice/Necr       39%        N/A       7%          6
 Silence                  Hex/Air        21%        N/A       12%         5
 Yara's Violent Unravell  Hex/Tmut       21%        3d10      12%         5
 Invisibility             Hex            28%        N/A       12%         6
 Airstrike                Air            11%        N/A       22%         4
 Animate Dead             Necr           11%        N/A       22%         4
 Dispel Undead            Necr           23%        3d12      22%         4
 Flame Wave               Conj/Fire      23%        3d6       22%         4
 Passage of Golubria      Tloc           N/A        N/A       22%         4
 Petrify                  Tmut/Erth      23%        N/A       22%         4
 Sticky Flame             Conj/Fire      23%        2d4       22%         4
 Summon Lightning Spire   Summ/Air       23%        N/A       22%         4
 Agony                    Necr           23%        N/A       52%         5
 Alistair's Intoxication  Tmut/Pois      15%        N/A       52%         5
 Blade Hands              Tmut           11%        N/A       52%         5
 Borgnjor's Vile Clutch   Necr/Erth      11%        N/A       52%         5
 Excruciating Wounds      Necr           11%        N/A       52%         5
 Fireball                 Conj/Fire      11%        3d7       52%         5
 Irradiate                Conj/Tmut      11%        3d17      52%         5
 Iskenderun's Battlesphe  Conj           23%        2d8       52%         5
 Lightning Bolt           Conj/Air       11%        1d24      52%         5
 Manifold Assault         Tloc           23%        N/A       52%         5
 Summon Forest            Summ/Tloc      11%        N/A       52%         5
 Conjure Ball Lightning   Conj/Air       11%        3x3d6     98%         6
 Dispersal                Tloc           11%        N/A       98%         6
 Eringya's Noxious Bog    Tmut/Pois      11%        N/A       98%         6
 Starburst                Conj/Fire      11%        6d5       98%         6
 Statue Form              Tmut/Erth      15%        N/A       98%         6
 Discord                  Hex            28%        N/A       99%         8
 Haunt                    Necr/Summ      11%        N/A       100%        7
 Monstrous Menagerie      Summ           11%        N/A       100%        7
 Orb of Destruction       Conj           11%        9d5       100%        7
 Spellforged Servitor     Conj/Summ      11%        N/A       100%        7
 Summon Hydra             Summ           11%        N/A       100%        7
 Disjunction              Tloc           11%        N/A       100%        8
 Ignition                 Fire           11%        3d5       100%        8
 Infestation              Necr           11%        N/A       100%        8
 Lehudib's Crystal Spear  Conj/Erth      11%        10d4      100%        8
 Maxwell's Capacitive Co  Air            11%        ∞         100%        8
 Necromutation            Tmut/Necr      11%        N/A       100%        8
 Summon Horrible Things   Summ           11%        N/A       100%        8
 Chain Lightning          Conj/Air       11%        3d15      100%        9
 Dragon's Call            Summ           11%        N/A       100%        9
 Fire Storm               Conj/Fire      11%        8d3       100%        9
 Shatter                  Erth           11%        3d12*     100%        9


Dungeon Overview and Level Annotations

Branches:
Dungeon (15/15)            Temple (0/1) D:6            Lair (6/6) D:9
 Shoals (4/4) Lair:4       Spider (4/4) Lair:4        Slime (0/5) Lair:5
    Orc (2/2) D:11            Elf (3/3) Orc:2        Vaults (0/5) D:14
  IceCv (visited)         Gauntlet (visited)
 Depths: D:15

Altars:
Cheibriados
Elyvilon
Fedhas
Nemelex Xobeh
Okawaru
Sif Muna
Trog
Vehumet
Wu Jian
Xom

Shops:
Orc:1 :   Orc:2 *[*   Elf:2 ?   Elf:3 *   Shoals:3 *

Portals:
Trove: D:14 (give 3 potions of resistance)

Annotations:
Spider:1 Roxanne


Innate Abilities, Weirdness & Mutations

You cannot drink.
You can breathe bolts of dispelling energy.
Your rich purple scales are hard. (AC +10)
You cannot fit into any form of body armour.
You are cold-blooded and may be slowed by cold attacks.
You have a somewhat thin skeletal structure. (Dex +2, Stealth+)
You passively map a small area around you.
You occasionally shout uncontrollably at your foes.
Your muscles are strong. (Str +2)


Message History

The ghost moth poisons you!
You hit the ghost moth but do no damage.
Your tail-slap misses the ghost moth.
The ghost moth is heavily wounded.
You feel extremely sick.
The ghost moth resists.
The wall freezes the ghost moth.
The ghost moth resists.
The wall freezes the ghost moth.
The ghost moth stares at you.
You feel your power leaking away. The ghost moth hits you.
You feel dopey. The ghost moth hits you. The ghost moth stings you.
You are more poisoned.
The ghost moth poisons you!
The ghost moth resists.
The wall freezes the ghost moth.
You block the ghost moth's attack. The ghost moth hits you.
You feel dopey.
The ghost moth stings you but does no damage.
You barely miss the ghost moth.
The ghost moth is heavily wounded.
The frozen ramparts melt away.
You feel extremely sick. You block the ghost moth's attack.
The ghost moth hits you but does no damage.
The ghost moth stings you.
You are lethally poisoned!
The ghost moth poisons you!
* * * LOW HITPOINT WARNING * * *
You feel extremely sick. The ghost moth stares at you.
You feel your power leaking away.
The ghost moth hits you but does no damage. x2
You block the ghost moth's attack.
As you read the scroll of fear, it crumbles to dust.
You assume a fearsome visage.
The ghost moth easily resists.
The ghost moth looks frightened!
* * * LOW HITPOINT WARNING * * *
You feel extremely sick.
You close the large door.
You die...

#≈.(.≈# ####≈≈..####
##..≈≈## #....## #.
#..≈### ##≈...## #.
#≈.##* #+##≈.≈##.###.
#≈.≈# ..##≈..##...'.
###≈.≈#
...##^...≈..^'.
#...#####^.
##.......'.
#≈..##^†+# ,
##≈...≈###.
#....≈.@+# #≈...≈##
#.
##..≈.≈##y..##≈..≈##
#. #..####, y.##^.###
## ##.## , .##≈.≈## #
#..##* * ###≈^≈### #
#≈.≈### #####.≈..≈##
#
#^..≈.###..^###...≈##
##....≈##.≈≈.##≈...≈#
#≈≈....^##≈≈.###≈≈..#


There were no monsters in sight!

Vanquished Creatures
  Nikola (Elf:2)
  Rupert (Orc:2)
  Jorgrun (Orc:2)
  Asterion (Spider:3)
  Mlioglotl (Spider:1)
  A deep elf master archer (Elf:3)
  3 deep elf blademasters
  Agnes (Elf:1)
  Donald (Elf:1)
  An orc warlord (Orc:2)
  6 deep elf sorcerers
  Louise (Shoals:3)
  3 ghost moths (Spider:4)
  6 emperor scorpions
  6 deep elf elementalists (Elf:3)
  An ironbound preserver (D:14)
  Nessos (Lair:6)
  3 deep elf demonologists (Elf:3)
  8 deep elf annihilators
  2 entropy weavers
  A white draconian (IceCv)
  A spark wasp (Spider:4)
  5 deep elf death magi
  4 merfolk javelineers
  Snorg (Lair:5)
  A minotaur (Gauntlet)
  5 merfolk impalers
  2 deep elf high priests (Elf:3)
  5 boulder beetles
  A vault guard (D:14)
  A hell beast (Gauntlet)
  Erolcha (D:11)
  7 hydras
  3 satyrs
  Erica (D:10)
  3 centaur warriors
  An alligator snapping turtle (Shoals:2)
  6 merfolk aquamancers
  5 catoblepae
  4 two-headed ogres
  4 merfolk avatars
  8 death yaks (Lair:6)
  25 dancing weapons
  Urug (Orc:2)
  A tengu warrior (D:9)
  4 orc high priests (Orc:2)
  18 deep elf knights
  Sonja (D:10)
  3 skeletal warriors (D:12)
  12 sea snakes
  A spriggan druid (Elf:1)
  10 deep elf archers
  8 harpies
  3 lindwurms (D:10)
  A necromancer (Elf:1)
  A kraken simulacrum (Shoals:4)
  27 deep elf pyromancers
  An orc knight (Orc:1)
  6 fauns
  4 orc sorcerers
  37 wolf spiders
  25 orb spiders
  26 deep elf zephyrmancers
  4 cyclopes
  5 ugly things (D:14)
  A moth of wrath (Spider:3)
  17 manticores
  6 black mambas
  3 elephants (Lair:6)
  7 merfolk sirens
  2 ice statues (IceCv)
  4 torpor snails
  5 water nymphs
  11 cane toads
  2 gargoyles (D:12)
  2 unseen horrors
  Psyche (D:11)
  An efreet (D:14)
  14 komodo dragons
  7 rime drakes
  8 demonic crawlers
  3 polar bears
  A tengu conjurer (D:9)
  A freezing wraith (D:14)
  11 trolls
  3 meliai (D:11)
  A jumping spider (shapeshifter) (D:13)
  42 jumping spiders
  8 hornets
  9 wind drakes
  9 blink frogs
  26 merfolk
  13 dream sheep
  4 slime creatures (D:13)
  19 snapping turtles
  2 large abominations (Elf:1)
  An air elemental (Elf:3)
  69 redbacks
  2 shadows
  A spriggan (Lair:3)
  2 wyverns
  11 water elementals
  3 fire elementals
  54 yaks
  2 wraiths
  25 tarantellas
  5 basilisks
  3 steam dragons
  Menkaure (D:7)
  5 vampire mosquitoes
  A redback simulacrum (D:15)
  An acid dragon (D:11)
  8 wargs
  9 water moccasins
  24 orc warriors
  A sky beast (D:6)
  A hornet zombie (D:7)
  7 ogres
  3 black bears
  A black bear (shapeshifter) (D:14)
  An ice beast (D:7)
  30 wolves
  22 centaurs
  3 phantoms
  11 bullfrogs
  2 kobold brigands
  4 elf zombies (Elf:1)
  A wyvern zombie (D:8)
  2 earth elementals
  3 scorpions
  A water moccasin zombie (D:5)
  2 water moccasin skeletons
  5 killer bees (D:8)
  A wight (D:10)
  2 lindwurm simulacra (IceCv)
  4 howler monkeys
  An electric eel (Spider:4)
  A bullfrog zombie (D:5)
  3 centaur zombies
  9 komodo dragon simulacra (IceCv)
  6 jellies
  A bullfrog skeleton (D:5)
  21 orc priests
  A gnoll shaman (D:6)
  3 hounds
  5 iguanas
  21 orc wizards
  A hound skeleton (D:5)
  Robin (D:2)
  A howler monkey zombie (D:9)
  6 acid dragon simulacra (IceCv)
  3 gnolls (D:6)
  5 adders
  16 white imps
  4 ufetubi (Gauntlet)
  4 steam dragon simulacra (IceCv)
  2 worms
  2 dart slugs
  71 orcs
  4 endoplasms
  3 giant cockroaches
  11 goblins
  7 hobgoblins
  A jackal (D:2)
  5 quokkas
  4 ball pythons
  5 bats
  3 frilled lizards
  19 kobolds
  9 rats
  A tentacle (Shoals:4)
1180 creatures vanquished.

Vanquished Creatures (collateral kills)
  An efreet (D:14)
1 creature vanquished.

Vanquished Creatures (others)
  A deep elf pyromancer (Elf:1)
  32 fungi
  208 plants
  3 tentacles (Shoals:4)
244 creatures vanquished.

Grand Total: 1425 creatures vanquished

Notes
Turn   | Place    | Note
-------+----------+-------------------------------------------
     0 | D:1      | Johnny the Draconian Ice Elementalist began the quest for
                  | the Orb.
     0 | D:1      | Reached XP level 1. HP: 14/14 MP: 3/3
   208 | D:1      | Reached XP level 2. HP: 22/22 MP: 5/5
   212 | D:1      | Reached skill level 1 in Fighting
  1136 | D:2      | Reached XP level 3. HP: 23/28 MP: 6/6
  1435 | D:2      | Learned a level 3 spell: Frozen Ramparts
  1439 | D:2      | Learned a level 3 spell: Ozocubu's Armour
  1470 | D:2      | Found a faded altar of an unknown god.
  1477 | D:2      | Noticed Robin
  1492 | D:2      | Killed Robin
  1902 | D:2      | Reached XP level 4. HP: 36/36 MP: 8/8
  2268 | D:3      | Noticed an ogre
  2274 | D:3      | Killed an ogre
  2275 | D:3      | Reached skill level 5 in Ice Magic
  2275 | D:3      | Reached XP level 5. HP: 12/45 MP: 3/9
  3405 | D:4      | Found a shimmering blue altar of Sif Muna.
  3429 | D:4      | Found a radiant altar of Vehumet.
  3446 | D:4      | Became a worshipper of Sif Muna the Loreminder
  3643 | D:4      | Reached XP level 6. HP: 48/51 MP: 7/11
  4404 | D:5      | Entered Level 5 of the Dungeon
  4427 | D:5      | Your scales start taking on a rich purple colour.
  4427 | D:5      | Reached skill level 5 in Spellcasting
  4427 | D:5      | Reached XP level 7. HP: 57/60 MP: 11/14
  4648 | D:5      | Reached skill level 5 in Fighting
  4981 | D:5      | Learned a level 4 spell: Hailstorm
  5124 | D:5      | Reached XP level 8. HP: 42/70 MP: 10/17
  5633 | D:5      | Reached * piety under Sif Muna
  6531 | D:6      | Found a staircase to the Ecumenical Temple.
  6660 | D:6      | Reached XP level 9. HP: 79/79 MP: 13/20
  7108 | D:7      | Noticed Menkaure
  7111 | D:7      | Killed Menkaure
  7958 | D:7      | Found an ornate altar of the Wu Jian Council.
  8851 | D:8      | Found a shimmering altar of Xom.
  8950 | D:8      | Reached ** piety under Sif Muna
  9376 | D:9      | Reached XP level 10. HP: 80/91 MP: 13/23
  9555 | D:9      | Found a staircase to the Lair.
  9603 | D:9      | Noticed a tengu warrior
  9609 | D:9      | Killed a tengu warrior
  9610 | D:9      | Reached skill level 10 in Spellcasting
  9613 | D:9      | Reached skill level 10 in Ice Magic
  9857 | D:9      | Reached skill level 10 in Fighting
  9968 | D:9      | Found an iron altar of Okawaru.
 10083 | D:9      | Found a white marble altar of Elyvilon.
 10090 | D:9      | Found a blossoming altar of Fedhas.
 10266 | D:10     | Entered Level 10 of the Dungeon
 10266 | D:10     | Noticed Erica
 10277 | D:10     | Killed Erica
 10716 | D:10     | Noticed Sonja
 10718 | D:10     | Killed Sonja
 10719 | D:10     | Reached XP level 11. HP: 101/101 MP: 24/26
 10947 | D:10     | Found a large runed translucent door.
 10951 | D:10     | Found a large runed translucent door.
 11544 | D:10     | Noticed a lindwurm
 11544 | D:10     | Noticed a lindwurm
 11554 | D:10     | Noticed a lindwurm
 11560 | D:10     | Noticed a lindwurm
 11597 | D:10     | Killed a lindwurm
 11599 | D:10     | Killed a lindwurm
 12165 | D:11     | Found a staircase to the Orcish Mines.
 12246 | D:11     | Noticed a two-headed ogre
 12254 | D:11     | Killed a two-headed ogre
 12892 | D:11     | Noticed a six-headed hydra
 12907 | D:11     | Killed a six-headed hydra
 13217 | D:11     | Reached skill level 1 in Invocations
 13536 | D:11     | Noticed Psyche
 13590 | D:11     | Reached *** piety under Sif Muna
 13748 | D:11     | Killed Psyche
 14129 | D:11     | Noticed Erolcha
 14145 | D:11     | Killed Erolcha
 14665 | D:11     | Reached XP level 12. HP: 89/112 MP: 22/28
 14804 | Orc:1    | Entered Level 1 of the Orcish Mines
 14976 | Orc:1    | Learned a level 4 spell: Summon Ice Beast
 15357 | Orc:1    | Found Qidachou's Book Shop.
 15427 | Orc:1    | Found a bloodstained altar of Trog.
 15782 | Orc:2    | Entered Level 2 of the Orcish Mines
 15782 | Orc:2    | Noticed Jorgrun
 15833 | Orc:2    | Noticed Rupert
 15989 | Lair:1   | Entered Level 1 of the Lair of Beasts
 16225 | Lair:1   | Found a bloodstained altar of Trog.
 16277 | Lair:1   | Noticed a four-headed hydra
 16287 | Lair:1   | Killed a four-headed hydra
 16549 | Lair:1   | Reached skill level 5 in Invocations
 17149 | Lair:1   | Reached **** piety under Sif Muna
 18316 | Lair:2   | Reached skill level 1 in Shields
 19478 | Lair:3   | Reached XP level 13. HP: 60/122 MP: 15/30
 20842 | Lair:4   | Found a hole to the Spider Nest.
 20865 | Lair:4   | Reached ***** piety under Sif Muna
 21350 | Lair:4   | Found a staircase to the Shoals.
 21508 | Lair:4   | Received a gift from Sif Muna
 21512 | Lair:4   | Got Sif Muna's Incunabulum of Dislocated Snow {god gift}
 22593 | Lair:5   | Found a staircase to the Slime Pits.
 22653 | Lair:5   | Noticed Snorg
 22663 | Lair:5   | Killed Snorg
 23696 | Lair:6   | Entered Level 6 of the Lair of Beasts
 23884 | Lair:6   | Learned a level 5 spell: Freezing Cloud
 23894 | Lair:6   | Learned a level 9 spell: Polar Vortex
 24357 | Lair:6   | Reached XP level 14. HP: 133/133 MP: 27/32
 25057 | Lair:6   | Noticed Nessos
 25067 | Lair:6   | Killed Nessos
 25076 | Lair:6   | Reached skill level 15 in Spellcasting
 25842 | Lair:6   | Received a gift from Sif Muna
 25845 | Lair:6   | Got Fyucajar's Handbook of Ice {god gift}
 25854 | Lair:6   | Learned a level 7 spell: Ozocubu's Refrigeration
 25966 | Lair:6   | Identified 2 scrolls of acquirement
 25967 | Lair:6   | Acquired 806 gold pieces
 25978 | Lair:6   | Acquired the +2 hat of Ghostly Awe {Harm rCorr}
 26228 | D:10     | Reached skill level 15 in Fighting
 26356 | D:10     | Found a snail-covered altar of Cheibriados.
 26364 | D:10     | Found a sparkling altar of Nemelex Xobeh.
 27837 | D:13     | Found a frozen archway.
 27847 | IceCv    | Entered an ice cave
 28502 | IceCv    | Learned a level 4 spell: Ice Form
 28531 | IceCv    | Gained mutation: You are frail. (-10% HP) [potion of
                  | mutation]
 28531 | IceCv    | Gained mutation: You have hidden genetic defects. [potion
                  | of mutation]
 28851 | IceCv    | Lost mutation: You are frail. (-10% HP) [potion of
                  | mutation]
 28851 | IceCv    | Lost mutation: You have hidden genetic defects. [potion of
                  | mutation]
 28851 | IceCv    | Gained mutation: You occasionally shout uncontrollably at
                  | your foes. [potion of mutation]
 28851 | IceCv    | Gained mutation: Your muscles are strong. (Str +2) [potion
                  | of mutation]
 28851 | IceCv    | Gained mutation: You passively map a small area around you.
                  | [potion of mutation]
 28851 | IceCv    | Gained mutation: You have a somewhat thin skeletal
                  | structure. (Dex +2, Stealth+) [potion of mutation]
 29138 | IceCv    | Found the amulet of the Four Winds {rN+ Will+++ Clar}
 29257 | IceCv    | Reached skill level 5 in Shields
 30166 | D:14     | You fall into a shaft and drop 1 floor!
 30166 | D:15     | Entered Level 15 of the Dungeon
 30166 | D:15     | Found a sparkling altar of Nemelex Xobeh.
 30217 | D:15     | Reached skill level 15 in Ice Magic
 30373 | D:14     | Found a gate leading to a gauntlet.
 30382 | Gauntlet | Entered a Gauntlet
 30382 | Gauntlet | Found a transporter.
 30382 | Gauntlet | Found a transporter.
 30382 | Gauntlet | Found a runed translucent door.
 30382 | Gauntlet | Found a runed translucent door.
 30524 | Gauntlet | Found a transporter.
 30525 | Gauntlet | Found a transporter.
 30537 | Gauntlet | Found a transporter.
 30538 | Gauntlet | Found a transporter.
 30548 | Gauntlet | Found a transporter.
 30561 | Gauntlet | Found a transporter.
 30576 | Gauntlet | Found a transporter.
 30579 | Gauntlet | Found a transporter.
 30583 | Gauntlet | Found a runed translucent door.
 30583 | Gauntlet | Found a runed translucent door.
 30587 | Gauntlet | Found a transporter.
 30591 | Gauntlet | Found a transporter.
 30669 | Gauntlet | Identified the amulet "Paifia" {Reflect rN+ Str-3 Slay+5
                  | SH+5}
 30689 | Gauntlet | Identified the +2 hat "Jac Memoz" {rF- Regen+ Str+7}
 30691 | Gauntlet | Acquired the +0 pair of boots of Ischisin {Regen+}
 30730 | Gauntlet | Identified the ring of Jajoz {Int+4 Dex-3 SInv}
 30921 | D:14     | Reached XP level 15. HP: 143/143 MP: 15/35
 30999 | D:14     | Received a gift from Sif Muna
 31025 | D:14     | Found a gate to the Vaults.
 31232 | D:14     | Found a portal to a secret trove of treasure.
 31794 | Orc:2    | Killed Jorgrun
 31884 | Orc:2    | Killed Rupert
 31986 | Orc:2    | Noticed Urug
 31987 | Orc:2    | Found a staircase to the Elven Halls.
 31990 | Orc:2    | Killed Urug
 32240 | Orc:2    | Noticed an orc warlord
 32244 | Orc:2    | Killed an orc warlord
 32366 | Orc:2    | Received a gift from Sif Muna
 32371 | Orc:2    | Got Decalari's Catalogue of Confrontation {god gift}
 32376 | Orc:2    | Found Tocemoq's Magic Scroll Emporium.
 32376 | Orc:2    | Found Femnymusk's Assorted Antiques.
 32379 | Orc:2    | Found Eweptiz's General Store.
 32381 | Orc:2    | Found Luthrouji's Armour Shoppe.
 32395 | Orc:2    | Bought a scroll of vulnerability for 105 gold pieces
 32395 | Orc:2    | Bought 3 scrolls of magic mapping for 147 gold pieces
 32395 | Orc:2    | Bought a scroll of identify for 28 gold pieces
 32395 | Orc:2    | Bought a scroll of teleportation for 42 gold pieces
 32395 | Orc:2    | Bought a scroll of immolation for 49 gold pieces
 32395 | Orc:2    | Bought a scroll of blinking for 105 gold pieces
 32395 | Orc:2    | Bought a scroll of identify for 28 gold pieces
 32395 | Orc:2    | Bought a scroll of enchant armour for 105 gold pieces
 32396 | Orc:2    | Bought a scroll of teleportation for 96 gold pieces
 32396 | Orc:2    | Bought a scroll of teleportation for 96 gold pieces
 32406 | Orc:2    | Bought a potion of heal wounds for 160 gold pieces
 32406 | Orc:2    | Bought a pair of embroidered gloves for 240 gold pieces
 32406 | Orc:2    | Bought a potion of ambrosia for 256 gold pieces
 32922 | Elf:1    | Entered Level 1 of the Elven Halls
 32925 | Elf:1    | Noticed Donald
 32929 | Elf:1    | Killed Donald
 33244 | Elf:1    | Got Kikubaaqudgha's Almanac of Black Magic
 33539 | Elf:1    | Noticed a deep elf sorcerer
 33541 | Elf:1    | Killed a deep elf sorcerer
 33680 | Elf:1    | Learned a level 3 spell: Stone Arrow
 33825 | Elf:1    | Reached XP level 16. HP: 155/155 MP: 23/37
 33827 | Elf:1    | Noticed Agnes
 33833 | Elf:1    | Killed Agnes
 33847 | Elf:1    | Received a gift from Sif Muna
 33860 | Elf:1    | Got Kamoname's Tome of the Entourage and the Blaze {god
                  | gift}
 34411 | Elf:1    | Found a shimmering blue altar of Sif Muna.
 34618 | Elf:2    | Noticed Nikola
 34767 | Elf:3    | Entered Level 3 of the Elven Halls
 34850 | Elf:3    | Paralysed by an air elemental for 1 turns
 34854 | Elf:3    | Paralysed by an air elemental for 1 turns
 35278 | Elf:3    | Noticed a deep elf blademaster
 35280 | Elf:3    | Noticed a deep elf blademaster
 35283 | Elf:3    | Killed a deep elf blademaster
 35286 | Elf:3    | Killed a deep elf blademaster
 35486 | Elf:3    | Found Agurig's Assorted Antiques.
 35566 | Elf:3    | Identified the ring "Feofiudd" {rF+ Int+6}
 35661 | Elf:3    | Noticed a deep elf master archer
 35663 | Elf:3    | Identified the ring of Sophism {rElec rC+ Will+}
 35665 | Elf:3    | Killed a deep elf master archer
 35666 | Elf:3    | Reached skill level 10 in Shields
 35667 | Elf:3    | Identified the +2 leather armour of Vehumet's Wrath {Str+4}
 35670 | Elf:3    | Identified the +5 rapier of Extinguishment {flame, rElec
                  | rN+ Will+ Stlth+}
 35750 | Elf:3    | Identified the +5 storm dragon scales of Qoly {rElec rPois
                  | MP+9 Str+8 Int-2}
 35767 | Elf:3    | Got the Almanac of Gliding Clay
 35791 | Elf:3    | Identified the +5 plate armour of Impressiveness {rPois
                  | rCorr}
 36406 | Elf:3    | Reached XP level 17. HP: 163/163 MP: 31/39
 36545 | Elf:2    | Found Gamno's Magic Scroll Shop.
 36552 | Elf:2    | Killed Nikola
 36621 | Elf:2    | Bought a scroll of enchant armour for 120 gold pieces
 36621 | Elf:2    | Bought a scroll of teleportation for 48 gold pieces
 36621 | Elf:2    | Bought a scroll of holy word for 120 gold pieces
 36621 | Elf:2    | Bought a scroll of identify for 32 gold pieces
 36621 | Elf:2    | Bought a scroll of teleportation for 48 gold pieces
 36621 | Elf:2    | Bought a scroll of teleportation for 48 gold pieces
 36621 | Elf:2    | Bought a scroll of identify for 32 gold pieces
 36621 | Elf:2    | Bought a scroll of blinking for 120 gold pieces
 36621 | Elf:2    | Bought a scroll of teleportation for 48 gold pieces
 36812 | Elf:2    | Found a huge runed translucent gate.
 36812 | Elf:2    | Found a huge runed translucent gate.
 36813 | Elf:2    | Found a huge runed translucent gate.
 36814 | Elf:2    | Found a huge runed translucent gate.
 36819 | Elf:2    | Found a huge runed translucent gate.
 36820 | Elf:2    | Noticed a deep elf blademaster
 36829 | Elf:2    | Killed a deep elf blademaster
 37448 | Shoals:1 | Entered Level 1 of the Shoals
 37893 | Shoals:1 | Received a gift from Sif Muna
 39383 | Shoals:3 | Found Wiewusot's CLEARANCE SALE!.
 39394 | Shoals:3 | Identified the +1 robe "Apienui" {Str+4}
 39508 | Shoals:3 | Bought a potion of heal wounds for 20 gold pieces
 40021 | Shoals:3 | Noticed Louise
 40026 | Shoals:3 | Killed Louise
 40359 | Shoals:4 | Entered Level 4 of the Shoals
 40514 | Shoals:4 | Received a gift from Sif Muna
 40560 | Shoals:4 | Got the Handbook of Captivating Cold
 40894 | Shoals:4 | Identified the +7 falchion "Vupnuepp" {vorpal, rCorr}
 40898 | Shoals:4 | Reached XP level 18. HP: 176/176 MP: 20/41
 41056 | Shoals:4 | Got a barnacled rune of Zot
 41284 | Shoals:4 | Got the Papyrus of Air
 41826 | Elf:3    | Bought a scroll of holy word for 187 gold pieces
 41826 | Elf:3    | Bought a potion of invisibility for 200 gold pieces
 41879 | Elf:2    | Learned a level 2 spell: Blink
 42185 | Elf:2    | Received a gift from Sif Muna
 42189 | Elf:2    | Got Sif Muna's Handbook of Heat and Shape Shifting {god
                  | gift}
 42574 | Spider:1 | Entered Level 1 of the Spider Nest
 42726 | Spider:1 | Noticed Roxanne
 42985 | Spider:1 | Reached skill level 1 in Hexes
 43101 | Spider:1 | Noticed Mlioglotl
 43115 | Spider:1 | Killed Mlioglotl
 43959 | Spider:2 | Identified the ring of Busiasum {*Slow rC+ Str+4}
 44033 | Spider:2 | Reached skill level 5 in Hexes
 44232 | Spider:2 | Received a gift from Sif Muna
 44235 | Spider:2 | Got Sif Muna's Guide on Curses {god gift}
 44671 | Spider:3 | Noticed Asterion
 44675 | Spider:3 | Killed Asterion
 44858 | Spider:3 | Reached XP level 19. HP: 184/184 MP: 29/43
 45472 | Spider:4 | Entered Level 4 of the Spider Nest
 45801 | Spider:4 | Received a gift from Sif Muna
 46808 | Spider:4 | Got Vifutuwu's Volume of Entrancing Fire {god gift}
 47186 | Spider:4 | Succumbed to a ghost moth's poison

Illustrated notes

Levels and vault maps discovered:
D:1:      dpeg_arrival_houses_and_road, layout_basic, minmay_cut_off
D:2:      minmay_diamond_boxcup, layout_basic,
          shapermc_ecumenical_altar_starsandcircs, uniq_robin
D:3:      layout_loops_ring
D:4:      layout_basic, grunt_temple_overflow_open, feat_on_display
D:5:      layout_basic, grunt_ministairs_14
D:6:      layout_rooms, temple_statues
D:7:      layout_basic, nicolae_wu_jian_immortal_techniques, uniq_menkaure
D:8:      layout_gridville, mainiacjoe_overflow_alcove_2
D:9:      layout_loops_ring, lemuel_crystal_altar,
          amethyst_overflow_temple_binary, david_lair_generic
D:10:     layout_cave_pods, jmf_multi_god_temple2, minmay_lindwurm_lava,
          uniq_sonja, uniq_erica
D:11:     argonaut_augean_stables, layout_grid_maze, david_orc_3,
          hangedman_abyss_or_decor_passed, uniq_psyche, uniq_erolcha
D:12:     layout_cave_pods
D:13:     layout_long_grid, portal_ice_cave_entry_imps
D:14:     layout_cave_pods, skrybe_vaults_entry_preservation,
          gauntlet_entry_generic, enter_trove_5,
          minmay_staircase_statues_hall_small
D:15:     grunt_enter_depths_snipers, layout_loops_cross,
          hangedman_abyss_or_decor_stagger, nemelex_spade_bored_becter
Lair:1:   layout_regular_city, basic_altar, infiniplex_staircase_pool
Lair:2:   layout_loops_ring, columned_hall_lemuel,
          nicolae_lair_grove_arrangements, lemuel_fruit_fields
Lair:3:   wander_river, layout_regular_city, grunt_forest_large_clearings
Lair:4:   layout_roguey, elwin_shoals_entry_stream, dummy_spider_entry
Lair:5:   layout_regular_city, slime_dummy, serial_bayou_crossing, uniq_snorg
Lair:6:   evilmike_catoblepas_cave, layout_gridlike, patterned_corridor,
          lemuel_fruit_tree, uniq_nessos
Shoals:1: layout_shoals, nicolae_shoals_shepherds
Shoals:2: layout_shoals
Shoals:3: layout_shoals, nicolae_shop_clearance, uniq_louise
Shoals:4: shoals_end_grunt_ice, layout_shoals
Spider:1: layout_spider_delve, drop_trap, uniq_mlioglotl, uniq_roxanne
Spider:2: nicolae_orb_stairs_large, nicolae_spider_cling_halls
Spider:3: layout_spider_delve, nicolae_spider_cling_ruins,
          nicolae_spider_spiderdrome, uniq_asterion
Spider:4: spider_rune_water
Orc:1:    layout_caves, serial_shops, nicolae_shop_behind_doors,
          trog_butcher_becter
Orc:2:    st_orc_mages, layout_caves, uniq_urug, uniq_rupert, uniq_jorgrun
Elf:1:    elf_arrival_001, layout_gridlike, minmay_elf_necromancy,
          kilobyte_rumbling_trees, lemuel_upstairs_altar, uniq_donald,
          uniq_agnes
Elf:2:    elven_hall_of_blades_hangedman_alternative
          [nicolae_blade_entry_crossed_weapons], layout_rooms, serial_shops,
          nicolae_shop_window_shopping, uniq_nikola
Elf:3:    elf_hall, layout_onion_city, serial_shops, shop, grunt_ministairs_1

Skill      XL: |  1  2  3  4  5  6  7  8  9 10 11 12 13 14 15 16 17 18 19 |
---------------+----------------------------------------------------------+-----
Fighting       | 1 2 3 4 5 7 9 10 12 13 14 15 17 18 19 20 | 20.2
Spellcasting   | 3 5 6 7 9 11 12 13 14 16 17 18 19 20 | 20.3
Ice Magic      | 5 6 8 9 10 11 12 13 15 16 17 18 19 | 19.1
Invocations    | 3 6 8 |  8.0
Shields        | 2 4 6 8 10 12 13 | 13.7
Hexes          | 6 8 |  8.2
Dodging        | |  1.7
Stealth        | |  1.7

Action                   |  1- 3 |  4- 6 |  7- 9 | 10-12 | 13-15 | 16-18 | 19-21 || total
-------------------------+-------+-------+-------+-------+-------+-------+-------++-------
Melee: Short sword       |    90 |    76 |    53 |   192 |   126 |       |       ||   537
       Unarmed           |    10 |       |       |     3 |    19 |       |       ||    32
       Tailslap          |    14 |     5 |    30 |    23 |    24 |     6 |     1 ||   103
       Dagger            |    37 |    11 |   229 |       |       |       |       ||   277
       Scimitar          |       |       |       |       |    18 |       |       ||    18
       Staff             |       |       |       |       |    57 |    60 |    15 ||   132
 Cast: Freeze            |     5 |    12 |    52 |   131 |   111 |     2 |       ||   313
       Frozen Ramparts   |     1 |     7 |    25 |    69 |    51 |     3 |     4 ||   160
       Ozocubu's Armour  |       |     1 |    13 |    28 |    29 |    10 |     3 ||    84
       Hailstorm         |       |       |     6 |    19 |    87 |    48 |       ||   160
       Freezing Cloud    |       |       |       |       |    32 |       |       ||    32
       Ozocubu's Refrige |       |       |       |       |   147 |   338 |    81 ||   566
       Summon Ice Beast  |       |       |       |       |    13 |    11 |       ||    24
       Ice Form          |       |       |       |       |     2 |     1 |       ||     3
       Stone Arrow       |       |       |       |       |     4 |     9 |       ||    13
       Blink             |       |       |       |       |       |     9 |       ||     9
Invok: Channel Magic     |       |       |       |     2 |     5 |    17 |     4 ||    28
 Abil: Breathe Dispellin |       |       |     2 |     1 |     1 |     2 |       ||     6
       End Transformatio |       |       |       |       |       |     1 |       ||     1
Evoke: Wand              |     2 |     5 |    17 |    44 |    36 |     3 |     4 ||   111
       Phial of floods   |       |       |       |       |     1 |     1 |     1 ||     3
       Lightning rod     |       |       |       |       |       |     4 |     5 ||     9
       Tin of tremorston |       |       |       |       |       |       |     2 ||     2
       Box of beasts     |       |       |       |       |       |       |     1 ||     1
  Use: Potion            |       |       |     2 |     1 |    14 |       |       ||    17
       Scroll            |       |       |     9 |       |    21 |     8 |     5 ||    43
 Stab: Sleeping          |     6 |     3 |       |     1 |     2 |       |       ||    12
       Paralysed         |       |       |       |     6 |     4 |       |       ||    10
       Distracted        |       |       |       |       |       |     1 |       ||     1
Armor: Skin              |    37 |    38 |   108 |   239 |   292 |   115 |    57 ||   886
Dodge: Dodged            |    76 |    57 |   207 |   260 |   258 |    80 |    34 ||   972
       Repelled          |       |       |       |       |       |     6 |       ||     6
Block: Other             |       |       |    39 |    73 |       |       |       ||   112
       Reflection        |       |       |     2 |     2 |     3 |     2 |       ||     9
       Buckler           |       |       |       |    47 |   136 |    31 |       ||   214
       Kite shield       |       |       |       |       |       |    51 |    64 ||   115

Table legend: (Time is in decaauts)
 A = Elapsed time spent in this place.
 B = Non-inter-level travel time spent in this place.
 C = Inter-level travel time spent in this place.
 D = Time resting spent in this place.
 E = Time spent auto-exploring this place.
 F = Levels seen in this place.
 G = Mean time per level.
                   A        B        C        D        E       F      G
               +--------+--------+--------+--------+--------+-----+--------+
         Total |  47547 |  44895 |   2652 |  10391 |  27084 |  36 | 1320.8 |
       Dungeon |  18713 |  17635 |   1078 |   3475 |  11588 |  15 | 1247.5 |
          Lair |  10489 |   9874 |    615 |   2321 |   6221 |   6 | 1748.2 |
        Shoals |   4363 |   4078 |    285 |    383 |   3003 |   4 | 1090.8 |
   Spider Nest |   4586 |   4533 |     53 |    983 |   2778 |   4 | 1146.5 |
  Orcish Mines |   2298 |   2121 |    177 |    603 |   1036 |   2 | 1149.0 |
   Elven Halls |   5137 |   4695 |    442 |   1441 |   2139 |   3 | 1712.3 |
      Ice Cave |   1568 |   1568 |      0 |   1118 |    134 |   1 | 1568.0 |
      Gauntlet |    389 |    389 |      0 |     67 |    183 |   1 |  389.0 |
               +--------+--------+--------+--------+--------+-----+--------+

Top non-repeatable levels by time:
    D:11: 3071 daAuts
  Lair:6: 2370 daAuts
    D:10: 2242 daAuts
  Lair:4: 2138 daAuts
  Lair:1: 1980 daAuts
   Elf:3: 1890 daAuts
  Lair:3: 1768 daAuts
Spider:4: 1733 daAuts
   Elf:2: 1679 daAuts
   IceCv: 1568 daAuts
   Elf:1: 1568 daAuts
     D:7: 1414 daAuts
     D:5: 1362 daAuts
Spider:2: 1341 daAuts
     D:4: 1310 daAuts
